 Dungeon Crawl Stone Soup version 0.25.1-2-g60ff931df9 (webtiles) character file.

Game seed: 12222509605648069239

109825 gruber the Eclecticist (level 16, -9/76 HPs)
             Began as a Deep Elf Earth Elementalist on Nov 17, 2020.
             Was a High Priest of Vehumet.
             Shot with a bolt by a naga sharpshooter (28 damage)
             ... on level 1 of the Snake Pit.
             The game lasted 01:02:18 (35715 turns).

gruber the Eclecticist (DEEE)                      Turns: 35715, Time: 01:02:19

Health: -9/76      AC: 14    Str:  5    XL:     16   Next: 5%
Magic:  17/37      EV: 19    Int: 35    God:    Vehumet [*****.]
Gold:   1795       SH:  7    Dex: 12    Spells: 10/45 levels left

rFire    + . .     SeeInvis .   x - +7 dagger of Eternal Vigilance {flame, Int+7 Dex-3}
rCold    + + .     Gourm    .   R - +2 buckler
rNeg     . . .     Faith    .   H - +2 robe {rC+ rF+}
rPois    .         Spirit   .   v - +0 helmet
rElec    .         Reflect  .   J - +0 cloak
rCorr    .         Harm     .   I - +2 pair of gloves
MR       +....                  (no boots)
Stlth    ++++......             z - amulet of magic regeneration
HPRegen  0.22/turn              w - ring of protection from cold
MPRegen  0.50/turn              W - +4 ring of protection

@: no status effects
A: no striking features
a: Renounce Religion


You were on level 1 of the Snake Pit.
You worshipped Vehumet.
Vehumet was extremely pleased with you.
You were not hungry.

You visited 5 branches of the dungeon, and saw 26 of its levels.
You also visited: Ossuary.

You collected 2289 gold pieces.
You spent 494 gold pieces at shops.

Inventory:

Hand Weapons
 r - the +7 long sword "Sarcophage" {vorpal, rN+ Str+3 Int-3 SInv}
   (You found it on level 3 of the Lair of Beasts)

   It inflicts extra damage upon your enemies.
   It affects your strength (+3).
   It affects your intelligence (-3).
   It protects you from negative energy.
   It lets you see invisible.
 x - the +7 dagger of Eternal Vigilance (weapon) {flame, Int+7 Dex-3}
   (You bought it in a shop on level 4 of the Dungeon)

   It has been specially enchanted to burn those struck by it, causing extra
   injury to most foes and up to half again as much damage against particularly
   susceptible opponents.
   It affects your intelligence (+7).
   It affects your dexterity (-3).
 V - a +3 demon trident of draining
Missiles
 b - 455 stones (quivered)
Armour
 v - a +0 helmet (worn)
 H - a +2 robe of resistance (worn)
 I - a +2 pair of gloves (worn)
 J - a +0 cloak (worn)
 R - a +2 buckler (worn)
Jewellery
 c - an uncursed ring of ice
 w - a ring of protection from cold (left hand)
 z - an amulet of magic regeneration (around neck)
 D - a cursed amulet of inaccuracy {unknown}
 Q - an uncursed ring of see invisible {unknown}
 T - an uncursed ring of protection from cold
 W - a +4 ring of protection (right hand)
Wands
 g - a wand of disintegration (21)
 p - a wand of flame (50)
 E - a wand of iceblast (9)
 K - a wand of digging (3)
 L - a wand of acid (26)
 N - a wand of clouds (2)
Scrolls
 h - 6 scrolls of amnesia {unknown}
 l - 9 scrolls of teleportation {unknown}
 m - 3 scrolls of enchant armour
 q - 14 scrolls of remove curse
 s - 3 scrolls of blinking
 t - 4 scrolls of fog {unknown}
 u - a scroll of vulnerability {unknown}
 y - 3 scrolls of immolation
 O - 3 scrolls of silence
 S - 4 scrolls of magic mapping
 U - 3 scrolls of fear
 Y - a scroll of summoning
Potions
 e - 9 potions of heal wounds
 f - 2 potions of haste
 i - 2 potions of invisibility
 j - 17 potions of curing
 k - 3 potions of cancellation
 n - 3 potions of lignification
 o - 3 potions of mutation
 A - 2 potions of brilliance
 B - 2 potions of ambrosia
 C - 6 potions of stabbing
 F - 2 potions of magic
 G - 3 potions of flight
 M - 2 potions of berserk rage
 P - 6 potions of might
Comestibles
 d - 59 rations


   Skills:
 - Level 0.3 Long Blades
 - Level 0.7 Polearms
 - Level 5.4 Armour
 - Level 12.0 Dodging
 - Level 10.2 Stealth
 - Level 6.1 Shields
 - Level 15.0 Spellcasting
 - Level 14.0 Conjurations
 - Level 11.3 Summonings
 - Level 6.1 Transmutations
 - Level 7.3 Fire Magic
 * Level 12.5 Earth Magic
 - Level 0.5 Evocations


You had 10 spell levels left.
You knew the following spells:

 Your Spells              Type           Power        Failure   Level  Hunger
a - Sandblast             Erth           ######       0%          1    None
b - Stone Arrow           Conj/Erth      ######       0%          3    None
c - Lee's Rapid Deconstr  Erth           #######...   1%          5    None
d - Petrify               Tmut/Erth      #######.     1%          4    None
e - Searing Ray           Conj           ######       0%          2    None
f - Bolt of Magma         Conj/Fire/Erth #######...   1%          5    None
g - Blink                 Tloc           N/A          2%          2    None
h - Spellforged Servitor  Conj/Summ      #######...   1%          7    ####...
i - Iron Shot             Conj/Erth      #######...   1%          6    ##.....

Your spell library contained the following spells:

 Spells                   Type           Power        Failure   Level  Hunger
 Ozocubu's Refrigeration  Ice            ####......   47%         6    ##.....
 Foxfire                  Conj/Fire      ####         0%          1    None
 Magic Dart               Conj           ####         0%          1    None
 Animate Skeleton         Necr           N/A          1%          1    None
 Beastly Appendage        Tmut           ######       1%          1    None
 Pain                     Necr           ####         1%          1    None
 Shock                    Conj/Air       ####         1%          1    None
 Call Imp                 Summ           #######.     1%          2    None
 Passwall                 Tmut/Erth      #######.     1%          2    None
 Sticks to Snakes         Tmut           ######..     1%          2    None
 Conjure Flame            Conj/Fire      #######.     1%          3    None
 Inner Flame              Hex/Fire       ######..     1%          3    None
 Mephitic Cloud           Conj/Pois/Air  ######..     1%          3    None
 Spider Form              Tmut/Pois      #####.....   1%          3    None
 Static Discharge         Conj/Air       ######..     1%          3    None
 Sticky Flame             Conj/Fire      #######.     1%          4    None
 Fireball                 Conj/Fire      #######...   1%          5    None
 Lightning Bolt           Conj/Air       ######....   1%          5    None
 Poisonous Vapours        Pois/Air       ####..       2%          2    None
 Slow                     Hex            ####....     2%          2    None
 Swiftness                Chrm/Air       ####....     2%          2    None
 Blade Hands              Tmut           ######....   3%          5    None
 Yara's Violent Unravell  Hex/Tmut       #####.....   3%          5    None
 Vampiric Draining        Necr           ####......   4%          3    None
 Airstrike                Air            ####......   4%          4    None
 Ice Form                 Ice/Tmut       #####...     4%          4    None
 Freezing Cloud           Conj/Ice/Air   ######....   9%          6    ##.....
 Animate Dead             Necr           N/A          14%         4    None
 Cause Fear               Hex            ####......   14%         4    None
 Agony                    Necr           ####....     38%         5    None
 Silence                  Hex/Air        ####......   38%         5    None
 Ring of Flames           Chrm/Fire      ######....   96%         7    ####...
 Discord                  Hex            ####......   100%        8    ######.


Dungeon Overview and Level Annotations

Branches:
Dungeon (15/15)            Temple (0/1) D:5            Lair (6/6) D:10
 Shoals (2/4) Lair:4        Snake (1/4) Lair:2        Slime (0/5) Lair:6
    Orc (2/2) D:11            Elf (0/3) Orc:2        Vaults (0/5) D:13
 Depths (0/5) D:15        Ossuary (visited)

Altars:
Dithmenos
Elyvilon
Fedhas
Gozag
Hepliaklqana
Makhleb
Qazlal
Trog
Uskayaw
Vehumet
Yredelemnul
The Shining One
Beogh
Jiyva

Shops:
D:4 (   D:5 *   D:14 [   D:15 :   Orc:2 [%==

Portals:
Trove: D:10 (give +6 demon trident)

Annotations:
D:2 exclusion: oklob plant
D:5 2 runed translucent doors, gbos's ghost, novice DsBe
Lair:3 exclusion: 2 oklob plants
Lair:6 1 runed translucent door


Message History

Unknown command.
Casting: Blink (safe; 2% risk of failure)
Confirm with . or Enter, or press ? or * to list all spells.
You blink.
A naga comes into view. It is wielding a +0 dire flail.
The naga shouts!
Your spellforged servitor hums quietly as it recharges.
The naga loses its grip on your spellforged servitor.
The naga sharpshooter spits poison at you.
You block the splash of poison.
Unknown command.
Casting: Blink (safe; 2% risk of failure)
Confirm with . or Enter, or press ? or * to list all spells.
You blink.
The guardian serpent weaves intricate patterns with the tip of its tongue.
The naga blinks!
The naga sharpshooter blinks!
The anaconda blinks! x2
The anaconda misses you. The anaconda bites you.
* * * LOW HITPOINT WARNING * * *
The naga sharpshooter shoots a bolt.
The bolt hits you!!
You die...

................
....(...................
........................
........................
........................
...8†.........N.........
..)....N..........).N...
......##.......NNS......
.....###...N...N@N......
....## ##.†N...NNS......
...## #8NN.S§.......##
..## ###§.§.........##
..# #.N§....§.....##
##....§........#
#§.N............#
#..N...#####.....
#......# #....


You could see a naga sharpshooter, a salamander, 2 anacondas, a guardian
serpent, 10 nagas and a friendly spellforged servitor (summoned).

Vanquished Creatures
  Gastronok (Lair:1)
  An orc warlord (Orc:2)
  A stone giant (Orc:2)
  2 merfolk impalers (Shoals:1)
  Fannar (Lair:3)
  Harold (D:9)
  5 hydras
  A merfolk aquamancer (Shoals:1)
  2 death knights
  An alligator (Lair:6)
  2 dancing weapons (D:13)
  6 two-headed ogres
  2 centaur warriors
  4 orc high priests (Orc:2)
  Nergalle (Lair:2)
  2 skeletal warriors (D:15)
  3 sea snakes
  2 unseen horrors
  3 phantasmal warriors
  Pikel (D:9)
  2 lindwurms (Lair:6)
  A necromancer (D:15)
  5 orc knights
  4 orc sorcerers (Orc:2)
  6 manticores
  6 fauns (Shoals:1)
  5 deep elf magi
  3 wolf spiders
  A stone giant skeleton (D:15)
  4 elephants (Lair:6)
  4 ugly things (D:14)
  5 cyclopes
  4 black mambas
  6 merfolk sirens
  Joseph (D:9)
  5 torpor snails (Lair:6)
  A water nymph (Shoals:2)
  13 spiny frogs
  2 gargoyles
  A yaktaur zombie (D:15)
  2 centaur skeletons
  4 rime drakes
  2 freezing wraiths
  A guardian mummy (D:10)
  8 komodo dragons
  A kobold demonologist (D:14)
  5 merfolk (Shoals:1)
  3 tyrant leeches (Lair:6)
  12 polar bears (Lair:6)
  7 trolls
  A queen bee (D:13)
  3 meliai (D:13)
  3 wind drakes
  9 hornets
  8 hippogriffs
  3 raiju (Lair:6)
  20 blink frogs
  A meliai zombie (D:14)
  A slime creature (D:13)
  5 dream sheep (Lair:6)
  An ettin zombie (D:15)
  2 snapping turtles
  Sigmund (D:4)
  A redback (Orc:1)
  3 shadows
  3 wraiths
  6 water elementals (Shoals:1)
  A tarantella (Orc:1)
  39 yaks
  3 wyverns
  A vampire (D:14)
  A basilisk (Lair:1)
  Eustachio (D:4)
  8 wargs
  Menkaure (D:5)
  2 acid dragons
  Duvessa (D:5)
  12 hell hounds (Lair:6)
  5 soldier ants (Lair:2)
  A human zombie (D:15)
  11 porcupines
  8 water moccasins
  4 ice beasts
  13 black bears
  A hornet zombie (D:14)
  40 orc warriors
  2 eyes of draining
  5 phantoms
  4 sky beasts
  A necrophage (D:7)
  15 ogres
  6 centaurs
  13 wolves (Lair:6)
  10 crocodiles
  18 bullfrogs
  Dowan (D:5)
  6 scorpions
  7 water moccasin zombies (Ossuary)
  34 killer bees
  9 wights
  7 howler monkeys
  5 electric eels
  6 jellies
  3 bullfrog zombies
  A centaur zombie (D:7)
  7 crimson imps
  A quasit (D:13)
  2 hounds
  26 orc wizards
  Crazy Yiuf (D:7)
  29 orc priests
  2 bullfrog skeletons
  An iguana (D:12)
  34 worker ants
  6 hell rats (Lair:5)
  A big kobold zombie (Ossuary)
  2 mummies (Ossuary)
  Robin (D:4)
  5 gnolls
  18 adders
  3 shadow imps
  6 oozes
  An adder skeleton (D:6)
  7 adder zombies
  3 worms
  2 dart slugs (D:4)
  6 leopard geckos
  112 orcs
  A ball python (D:2)
  5 giant cockroaches
  3 gnoll zombies (Ossuary)
  11 hobgoblins
  14 jackals
  3 kobolds
  4 quokkas
  5 bats
  5 frilled lizards
  17 goblins
  2 hobgoblin zombies (Ossuary)
  A jackal zombie (D:5)
  7 kobold zombies (Ossuary)
  2 leopard gecko skeletons
  4 orc zombies (Ossuary)
  A quokka zombie (D:9)
  8 rats
  A fungus (Lair:4)
  8 plants
921 creatures vanquished.

Vanquished Creatures (collateral kills)
  An orc warlord (Orc:2)
  2 naga magi (Snake:1)
  2 black mambas (Snake:1)
5 creatures vanquished.

Vanquished Creatures (others)
  A phantasmal warrior (D:14)
  A deep elf mage (D:14)
  8 fungi
  31 plants
41 creatures vanquished.

Grand Total: 967 creatures vanquished

Notes
Turn   | Place    | Note
-------+----------+-------------------------------------------
     0 | D:1      | gruber the Deep Elf Earth Elementalist began the quest for
                  | the Orb.
     0 | D:1      | Reached XP level 1. HP: 10/10 MP: 6/6
    25 | D:1      | You fall into a shaft and drop 1 floor!
   200 | D:2      | Found a blossoming altar of Fedhas.
   215 | D:2      | Noticed an oklob plant
   596 | D:2      | Reached XP level 2. HP: 15/15 MP: 5/8
   792 | D:2      | Found a faded altar of an unknown god.
   933 | D:2      | Found a bloodstained altar of Trog.
   933 | D:2      | Found a white marble altar of Elyvilon.
  1410 | D:1      | Reached XP level 3. HP: 19/19 MP: 8/10
  1663 | D:3      | Learned a level 3 spell: Stone Arrow
  1730 | D:3      | Reached skill level 4 in Spellcasting
  1876 | D:3      | Reached XP level 4. HP: 24/24 MP: 8/12
  1922 | D:3      | Reached skill level 5 in Spellcasting
  1922 | D:3      | Reached skill level 5 in Earth Magic
  1976 | D:3      | Reached XP level 5. HP: 28/28 MP: 4/14
  2421 | D:3      | Reached XP level 6. HP: 16/32 MP: 10/15
  2738 | D:3      | Found a radiant altar of Vehumet.
  2739 | D:3      | Found a burning altar of Makhleb.
  2744 | D:3      | Became a worshipper of Vehumet
  2992 | D:4      | Noticed Sigmund
  3089 | D:4      | Found Vuhuw's Antique Weapon Emporium.
  3105 | D:4      | Bought a crude dagger for 133 gold pieces
  3105 | D:4      | Identified the +7 dagger of Eternal Vigilance {flame, Int+7
                  | Dex-3} (You bought it in a shop on level 4 of the Dungeon)
  3117 | D:4      | Noticed Robin
  3121 | D:4      | Noticed Eustachio
  3124 | D:4      | Killed Robin
  3143 | D:3      | Learned a level 5 spell: Lee's Rapid Deconstruction
  3148 | D:3      | Learned a level 4 spell: Petrify
  3176 | D:4      | Killed Eustachio
  3176 | D:4      | Reached XP level 7. HP: 36/36 MP: 10/16
  3358 | D:4      | Killed Sigmund
  3640 | D:4      | Reached skill level 1 in Conjurations
  3735 | D:5      | Entered Level 5 of the Dungeon
  3742 | D:5      | Reached * piety under Vehumet
  3742 | D:5      | Offered knowledge of Freeze by Vehumet.
  3901 | D:5      | Found a staircase to the Ecumenical Temple.
  4039 | D:5      | Found a runed translucent door.
  4040 | D:5      | Noticed gbos's ghost (novice DsBe)
  4048 | D:5      | Reached XP level 8. HP: 41/41 MP: 10/17
  4112 | D:5      | Noticed Menkaure
  4117 | D:5      | Killed Menkaure
  4189 | D:5      | Found a runed translucent door.
  4231 | D:5      | Noticed Dowan
  4236 | D:5      | Noticed Duvessa
  4241 | D:5      | Killed Duvessa
  4241 | D:5      | Reached skill level 5 in Conjurations
  4356 | D:5      | Found Tesaiwn's Assorted Antiques.
  4745 | D:5      | Killed Dowan
  5125 | D:6      | Reached skill level 5 in Transmutations
  5128 | D:6      | Reached ** piety under Vehumet
  5131 | D:6      | Offered knowledge of Searing Ray by Vehumet.
  5211 | D:6      | Learned a level 2 spell: Searing Ray
  5268 | D:6      | Reached XP level 9. HP: 42/45 MP: 17/19
  5334 | D:6      | Reached skill level 6 in Spellcasting
  5571 | D:6      | Reached skill level 7 in Spellcasting
  5953 | D:7      | Found a basalt altar of Yredelemnul.
  5956 | D:7      | Found a hazy altar of Hepliaklqana.
  5958 | D:7      | Reached skill level 8 in Spellcasting
  5961 | D:7      | Found a glowing golden altar of the Shining One.
  5965 | D:7      | Found a hide-covered altar of Uskayaw.
  6055 | D:7      | Found an opulent altar of Gozag.
  6178 | D:7      | Found a shadowy altar of Dithmenos.
  6343 | D:7      | Reached skill level 9 in Spellcasting
  6405 | D:7      | Found a runed translucent door.
  6406 | D:7      | Noticed Crazy Yiuf
  6440 | D:7      | Found a sand-covered staircase.
  6445 | Ossuary  | Entered an ossuary
  6504 | Ossuary  | Offered knowledge of Ignite Poison by Vehumet.
  6710 | Ossuary  | Reached *** piety under Vehumet
  6735 | Ossuary  | Reached skill level 10 in Spellcasting
  6925 | Ossuary  | Offered knowledge of Dazzling Flash by Vehumet.
  7504 | D:7      | Killed Crazy Yiuf
  7504 | D:7      | Reached skill level 11 in Spellcasting
  7549 | D:8      | Noticed a cyclops
  8207 | D:8      | Killed a cyclops
  8207 | D:8      | Reached skill level 5 in Dodging
  8207 | D:8      | Reached XP level 10. HP: 50/50 MP: 15/27
  8470 | D:9      | Noticed Joseph
  8478 | D:9      | Killed Joseph
  8719 | D:9      | Noticed Harold
  8721 | D:9      | Reached **** piety under Vehumet
  8794 | D:9      | Killed Harold
  8969 | D:9      | Offered knowledge of Bolt of Magma by Vehumet.
  8976 | D:9      | Learned a level 5 spell: Bolt of Magma
  9023 | D:9      | Noticed Pikel
  9028 | D:9      | Killed Pikel
  9181 | D:9      | Found a stormy altar of Qazlal.
  9676 | D:10     | Entered Level 10 of the Dungeon
  9892 | D:10     | Reached skill level 1 in Fire Magic
  9894 | D:10     | Reached skill level 10 in Dodging
 10070 | D:10     | Found a portal to a secret trove of treasure.
 10298 | D:10     | Killed an unseen horror
 10547 | D:10     | Found a staircase to the Lair.
 11307 | D:11     | Reached XP level 11. HP: 54/54 MP: 20/28
 11759 | D:11     | Found a staircase to the Orcish Mines.
 11790 | D:11     | Killed an unseen horror
 12402 | D:12     | Noticed a two-headed ogre
 12462 | Lair:1   | Entered Level 1 of the Lair of Beasts
 12472 | Lair:1   | Reached skill level 5 in Fire Magic
 12884 | Lair:1   | Reached ***** piety under Vehumet
 13084 | Lair:1   | Offered knowledge of Iskenderun's Mystic Blast by Vehumet.
 13267 | Lair:1   | Noticed Gastronok
 13915 | Lair:2   | Reached skill level 10 in Earth Magic
 14078 | Lair:2   | Learned a level 2 spell: Blink
 14330 | Lair:2   | Noticed Nergalle
 14341 | Lair:2   | Found a staircase to the Snake Pit.
 14413 | Lair:2   | Reached skill level 1 in Shields
 14458 | Lair:2   | Killed Nergalle
 14805 | Lair:2   | Reached XP level 12. HP: 59/59 MP: 20/29
 14893 | Lair:2   | Noticed a queen ant
 15538 | Lair:1   | Killed Gastronok
 15538 | Lair:1   | Reached skill level 5 in Shields
 15677 | Lair:3   | Noticed Fannar
 15767 | Lair:3   | Killed Fannar
 15774 | Lair:3   | Noticed an eight-headed hydra
 15880 | Lair:3   | Reached skill level 5 in Stealth
 15954 | Lair:3   | Got a dazzling long sword
 15955 | Lair:3   | Identified the +7 long sword "Sarcophage" {vorpal, rN+
                  | Str+3 Int-3 SInv} (You found it on level 3 of the Lair of
                  | Beasts)
 15976 | Lair:3   | Killed an eight-headed hydra
 16390 | Lair:3   | Noticed a four-headed hydra
 16396 | Lair:3   | Killed a four-headed hydra
 16761 | Lair:3   | Reached skill level 10 in Stealth
 17553 | Lair:4   | Reached XP level 13. HP: 63/63 MP: 23/30
 17664 | Lair:4   | Offered knowledge of Lightning Bolt by Vehumet.
 17987 | Lair:4   | Found a staircase to the Shoals.
 18360 | Lair:2   | Got a fine leather armour
 18361 | Lair:2   | Identified the +3 leather armour "Nuruddur" {Int+4} (You
                  | found it on level 2 of the Lair of Beasts)
 18447 | Lair:5   | Reached skill level 1 in Armour
 19613 | Lair:6   | Entered Level 6 of the Lair of Beasts
 20207 | Lair:6   | Reached skill level 5 in Armour
 20312 | Lair:6   | Found a viscous altar of Jiyva.
 20313 | Lair:6   | Found a staircase to the Slime Pits.
 20831 | Lair:6   | Reached skill level 10 in Conjurations
 21398 | Lair:6   | Offered knowledge of Freezing Cloud by Vehumet.
 21962 | Lair:6   | Reached XP level 14. HP: 68/68 MP: 20/31
 22421 | Lair:6   | Found a runed translucent door.
 23429 | Orc:1    | Entered Level 1 of the Orcish Mines
 24343 | Orc:2    | Entered Level 2 of the Orcish Mines
 24678 | Orc:2    | Reached ****** piety under Vehumet
 24781 | Orc:2    | Offered knowledge of Spellforged Servitor by Vehumet.
 24806 | Orc:2    | Learned a level 7 spell: Spellforged Servitor
 24971 | Orc:2    | Found a roughly hewn altar of Beogh.
 25525 | Orc:2    | Noticed a stone giant
 25534 | Orc:2    | Killed a stone giant
 25534 | Orc:2    | Reached skill level 12 in Spellcasting
 25872 | Orc:2    | Noticed an orc warlord
 25988 | Orc:2    | Killed an orc warlord
 25988 | Orc:2    | Reached skill level 13 in Spellcasting
 26226 | Orc:2    | Found Jiompe's Food Boutique.
 26280 | Orc:2    | Found a roughly hewn altar of Beogh.
 26299 | Orc:2    | Found Rocelot's Antique Armour Shop.
 26582 | Orc:2    | Found Vubler's Jewellery Boutique.
 26593 | Orc:2    | Found Yhifynin's Jewellery Shop.
 26787 | Orc:2    | Reached skill level 14 in Spellcasting
 27069 | Orc:2    | Noticed an orc warlord
 27084 | Orc:2    | Killed an orc warlord
 27338 | Orc:2    | Found a staircase to the Elven Halls.
 27592 | Orc:2    | Offered knowledge of Starburst by Vehumet.
 28152 | D:12     | Reached skill level 15 in Spellcasting
 28316 | D:12     | Reached skill level 1 in Summonings
 28383 | D:12     | Reached XP level 15. HP: 72/72 MP: 29/36
 29558 | D:13     | Reached skill level 5 in Summonings
 29725 | D:13     | Offered knowledge of Iron Shot by Vehumet.
 29735 | D:13     | Learned a level 6 spell: Iron Shot
 29980 | D:13     | Found a gate to the Vaults.
 31308 | D:14     | Found Buev's Antique Armour Shop.
 31495 | D:14     | Bought a pair of faintly glowing boots for 361 gold pieces
 31495 | D:14     | Identified the cursed +0 pair of boots of the Trombone
                  | {Harm rF+} (You bought it in a shop on level 14 of the
                  | Dungeon)
 32182 | D:15     | Entered Level 15 of the Dungeon
 32254 | D:15     | Offered knowledge of Ozocubu's Refrigeration by Vehumet.
 32284 | D:15     | Reached skill level 10 in Summonings
 32437 | D:15     | Found Jamof's Book Emporium.
 32860 | D:15     | Found a staircase to the Depths.
 33387 | Snake:1  | Entered Level 1 of the Snake Pit
 33460 | Shoals:1 | Entered Level 1 of the Shoals
 35213 | Shoals:2 | Reached XP level 16. HP: 76/76 MP: 26/37
 35715 | Snake:1  | Shot with a bolt by a naga sharpshooter

Illustrated notes

Levels and vault maps discovered:
D:1:      lightli_arrival_noodles, layout_basic
D:2:      layout_loops_ring, gammafunk_temple_overflow_elements,
          chequers_ecumenical_altar_grove, tgw_fedhas
D:3:      layout_basic, grunt_temple_overflow_lords_of_destruction,
          solitary_fountain
D:4:      layout_gridville, serial_shops, shop, first_ration,
          minmay_tree_intersection, uniq_robin, uniq_sigmund, uniq_eustachio
D:5:      layout_cave_pools, minmay_temple_entry_water_ring,
          ebering_ghost_sewer_f, serial_shops, shop_statue, uniq_menkaure,
          uniq_duvessa
D:6:      layout_rooms
D:7:      layout_gridville, grunt_gozag_statues,
          grunt_temple_overflow_cloverleaf, enter_ossuary_2,
          nicolae_dithmenos_through_a_glass_darkly, uniq_crazy_yiuf_cottage
D:8:      layout_gridville
D:9:      layout_cave_pods, basic_altar, uniq_harold, uniq_pikel, uniq_joseph
D:10:     layout_layer_cave, david_lair_shrubbed,
          nicolae_trove_entry_path_of_doom
D:11:     layout_loops_corners, orc_0_dummy, serial_glass, glass_columns_c,
          glass_columns_a
D:12:     layout_layer_cave, serial_glass, glass_columns_a, glass_columns_a,
          glass_columns_c, glass_columns_b, glass_columns_a, glass_columns_a,
          glass_columns_a, glass_columns_a
D:13:     layout_loops_corners, erik_vaults_1, special_room [special_room_bee],
          hangedman_little_slice_of_home
D:14:     layout_loops_ring, serial_shops, nicolae_shop_statue_plus,
          minmay_staircase_bubble, chequers_serial_rivers_large_b, drop_trap
D:15:     gammafunk_depths_entry_grave, layout_irregular_city, serial_shops,
          shop, kennysheep_pointless_box
Lair:1:   layout_cellular_growth, grunt_megastairs_3, uniq_gastronok
Lair:2:   layout_gridlike, dummy_snake_entry, grunt_forest_stairs_basic,
          zaba_antful_of_joy, uniq_nergalle
Lair:3:   layout_small_grid, disabler_island, uniq_fannar
Lair:4:   minmay_lair_venomous_thicket, layout_regular_city,
          minmay_shoals_entry_hut, lemuel_fruit_fields, lemuel_fruit_fields,
          infiniplex_staircase_pool_2
Lair:5:   layout_cave_pods, grunt_megastairs_2, serial_bayou_shore_b,
          serial_bayou_shore_b, serial_bayou_shore_a
Lair:6:   hangedman_lair_caniforms_friends, layout_gridlike, wormcave,
          slime_altar_1, chequers_serial_rivers_micro_e
Shoals:1: layout_shoals
Shoals:2: layout_shoals
Snake:1:  layout_onion
Orc:1:    nicolae_orc_accident_3, layout_caves
Orc:2:    pubby_orc_utopia

Skill      XL: |  1  2  3  4  5  6  7  8  9 10 11 12 13 14 15 |
---------------+----------------------------------------------+-----
Earth Magic    | 4 5 6 8 9 10 12 | 12.5
Spellcasting   | 4 5 11 15 | 15.0
Conjurations   | 3 6 7 12 14 | 14.0
Transmutations | 6 |  6.1
Dodging        | 5 11 12 | 12.0
Fire Magic     | 2 7 |  7.3
Shields        | 3 6 |  6.1
Stealth        | 10 | 10.2
Armour         | 5 |  5.4
Summonings     | 2 11 | 11.3
Long Blades    | |  0.3
Polearms       | |  0.7
Evocations     | |  0.5

Action                   |  1- 3 |  4- 6 |  7- 9 | 10-12 | 13-15 | 16-18 || total
-------------------------+-------+-------+-------+-------+-------+-------++-------
Melee: Unarmed           |     1 |     3 |       |       |       |       ||     4
       Whip              |       |     3 |       |       |       |       ||     3
       Dagger            |       |       |    51 |    23 |    80 |       ||   154
Throw: Stone             |       |       |       |       |     1 |       ||     1
 Cast: Sandblast         |    55 |    62 |    66 |    47 |    72 |       ||   302
       Stone Arrow       |       |     8 |   106 |   185 |    58 |     2 ||   359
       Searing Ray       |       |       |     4 |       |       |       ||     4
       Petrify           |       |       |     3 |    12 |     7 |       ||    22
       Lee's Rapid Decon |       |       |       |    58 |   234 |       ||   292
       Bolt of Magma     |       |       |       |    61 |   291 |     1 ||   353
       Blink             |       |       |       |       |     1 |     6 ||     7
       Spellforged Servi |       |       |       |       |     1 |     1 ||     2
       Iron Shot         |       |       |       |       |   118 |    10 ||   128
Evoke: Wand              |       |       |       |     4 |     5 |       ||     9
  Use: Scroll            |       |       |     1 |    15 |    15 |       ||    31
       Potion            |       |       |       |       |     1 |       ||     1
 Stab: Sleeping          |       |       |     2 |       |       |       ||     2
       Petrified         |       |       |     8 |       |       |       ||     8
  Eat: Chunk             |     3 |     4 |    12 |    27 |    55 |     2 ||   103
       Ration            |       |       |     1 |     2 |     1 |       ||     4
Armor: Robe              |     4 |     9 |    23 |    28 |    15 |     2 ||    81
       Leather armour    |       |       |       |       |    32 |       ||    32
Dodge: Dodged            |    15 |    30 |    57 |    80 |   168 |    13 ||   363
Block: Buckler           |       |       |       |    17 |    80 |     8 ||   105
